 Dungeon Crawl Stone Soup version 0.23.2-1-ga50397a6bc (webtiles) character file.

Game seed: 17027338449547878494

288 Peloso the Shield-Bearer (level 6, -5/55 HPs)
             Began as a Minotaur Fighter on May 19, 2019.
             Slain by a gnoll
             ... wielding a +0 halberd
              (14 damage)
             ... on level 3 of the Dungeon.
             The game lasted 00:04:10 (2398 turns).

Peloso the Shield-Bearer (Minotaur Fighter)         Turns: 2398, Time: 00:04:11

Health: -5/55      AC:  8    Str: 21    XL:     6   Next: 9%
Magic:  5/5        EV:  8    Int:  5    God:
Gold:   66         SH: 10    Dex: 11    Spells: 5/5 levels left

rFire    . . .     SeeInvis .   a - +0 long sword
rCold    . . .     Gourm    .   c - +0 shield
rNeg     . . .     Faith    .   b - +0 scale mail
rPois    .         Spirit   .   (helmet restricted)
rElec    .         Reflect  .   p - +0 cloak
rCorr    .         Harm     .   (no gloves)
MR       .....                  (no boots)
Stlth    ..........             (no amulet)
HPRegen  0.18/turn              (no ring)
MPRegen  0.09/turn              (no ring)

@: no status effects
A: retaliatory headbutt, horns 2
a: no special abilities


You were on level 3 of the Dungeon.
You were hungry.

You visited 1 branch of the dungeon, and saw 3 of its levels.

You collected 66 gold pieces.

Inventory:

Hand Weapons
 a - a +0 long sword (weapon)
Armour
 b - a +0 scale mail (worn)
 c - a +0 shield (worn)
 p - a +0 cloak (worn)
Wands
 m - a wand of acid (7)
Scrolls
 h - 6 scrolls of identify {unknown}
 j - a scroll of magic mapping {unknown}
 k - a scroll of enchant armour {unknown}
 n - a scroll of noise {unknown}
 o - a scroll of fear {unknown}
Potions
 d - a potion of might
 e - a potion of ambrosia {unknown}
 g - a potion of resistance {unknown}
 i - a potion of curing {unknown}
 l - a potion of lignification {unknown}
 q - a potion of brilliance {unknown}
Comestibles
 f - 4 rations


   Skills:
 + Level 4.8 Fighting
 + Level 4.6 Long Blades
 + Level 4.9 Armour
 + Level 0.8 Dodging
 + Level 0.2 Stealth
 + Level 5.2 Shields


You had 5 spell levels left.
You didn't know any spells.
Your spell library contained the following spells:

 Spells                   Type           Power        Failure   Level  Hunger
 Corona                   Hex            #......      99%         1    ##.....
 Ensorcelled Hibernation  Hex/Ice        #.....       100%        2    ###....
 Confuse                  Hex            #.......     100%        3    ####...
 Dazzling Spray           Conj/Hex       #.....       100%        3    ####...
 Tukima's Dance           Hex            #.......     100%        3    ####...


Dungeon Overview and Level Annotations

Branches:
Dungeon (3/15)

Altars:
Trog


Innate Abilities, Weirdness & Mutations

You reflexively headbutt those who attack you in melee.
You have a pair of horns on your head.


Message History

The gnoll closely misses you.
The gnoll hits you from afar with a +0 spear.
The gnoll hits you with a +0 halberd!
Things that are here:
a +0 flail; a gnoll corpse You closely miss the gnoll.
The gnoll hits you from afar with a +0 spear!
The gnoll hits you with a +0 halberd!
* * * LOW HITPOINT WARNING * * *
You hit the gnoll but do no damage.
The gnoll hits you from afar with a +0 spear.
* * * LOW HITPOINT WARNING * * *
You block the gnoll's attack.
You hit the gnoll.
The gnoll is moderately wounded.
You block the gnoll's attack. x3
You hit the gnoll but do no damage. You headbutt the gnoll!
The gnoll is severely wounded.
The gnoll hits you with a +0 halberd!
You die...

##### . ..##..... ..
#........ ..8
#.....g.. ... #.....g
. .. ..g.######
....#.######........#
..8.....)@ggg........
.....#######........#
... ##.######
#.###########..######
...................
#..................
#...........###.#
#...........# #
#...........#


You could see 2 gnolls and a goblin.

Vanquished Creatures
  Crazy Yiuf (D:2)
  An orc priest (D:3)
  An iguana (D:3)
  3 orc wizards (D:3)
  2 gnolls (D:3)
  4 adders
  2 dart slugs
  4 worms
  A leopard gecko (D:2)
  4 orcs (D:3)
  6 bats
  3 giant cockroaches
  5 goblins
  4 hobgoblins
  4 jackals (D:2)
  6 kobolds
  A quokka (D:3)
  A frilled lizard (D:1)
  A rat (D:3)
54 creatures vanquished.

Notes
Turn   | Place    | Note
-------+----------+-------------------------------------------
     0 | D:1      | Peloso the Minotaur Fighter began the quest for the Orb.
     0 | D:1      | Reached XP level 1. HP: 19/19 MP: 0/0
   402 | D:1      | Reached XP level 2. HP: 27/27 MP: 1/1
   835 | D:2      | Reached skill level 4 in Shields
  1053 | D:2      | Reached XP level 3. HP: 30/33 MP: 2/2
  1322 | D:2      | Found a bloodstained altar of Trog.
  1406 | D:2      | Found a runed translucent door.
  1407 | D:2      | Noticed Crazy Yiuf
  1416 | D:2      | Killed Crazy Yiuf
  1416 | D:2      | Reached XP level 4. HP: 31/41 MP: 3/3
  1793 | D:3      | Reached XP level 5. HP: 34/47 MP: 4/4
  2073 | D:3      | Reached skill level 5 in Shields
  2368 | D:3      | Reached XP level 6. HP: 53/53 MP: 5/5
  2398 | D:3      | Slain by a gnoll

Skill      XL: |  1  2  3  4  5 |
---------------+----------------+-----
Armour         | 4 |  4.9
Fighting       | 4 |  4.8
Shields        | 4 5 |  5.2
Long Blades    | 3 4 |  4.6
Dodging        | |  0.8
Stealth        | |  0.2

Action                   |  1- 3 |  4- 6 || total
-------------------------+-------+-------++-------
Melee: Long sword        |    91 |    93 ||   184
       Headbutt          |    18 |    16 ||    34
  Eat: Chunk             |     1 |       ||     1
       Ration            |       |     1 ||     1
Armor: Scale mail        |    43 |    49 ||    92
Dodge: Dodged            |    35 |    31 ||    66
Block: Shield            |    53 |    63 ||   116
       Rpst.: Long sword |     6 |     6 ||    12
